 Dungeon Crawl Stone Soup version 0.22-a0-558-gc224181 (webtiles) character file.

17 inc the Magician (level 2, 0/19 HPs)
             Began as a Mummy Fire Elementalist on June 27, 2018.
             Slain by a jackal (3 damage)
             ... on level 1 of the Dungeon.
             The game lasted 00:00:50 (251 turns).

inc the Magician (Mummy Fire Elementalist)           Turns: 251, Time: 00:00:51

Health: 0/19       AC:  2    Str: 11    XL:     2   Next: 44%
Magic:  0/5        EV: 12    Int: 14    God:
Gold:   23         SH:  0    Dex: 12    Spells: 5/6 levels left

rFire    x . .     SeeInvis .   (no weapon)
rCold    + . .     Gourm    .   (no shield)
rNeg     + + +     Faith    .   a - +0 robe
rPois    ∞         Spirit   .   (no helmet)
rElec    .         Reflect  .   (no cloak)
rCorr    .         Harm     .   (no gloves)
MR       .....                  (no boots)
Stlth    ++........             (no amulet)
HPRegen  0.06/turn              (no ring)
MPRegen  0.09/turn              (no ring)

@: no status effects
A: no food or potions, fire vulnerability, cold resistance 1, negative energy
resistance 3, torment resistance, unbreathing
a: no special abilities


You were on level 1 of the Dungeon.
You were not hungry.

You visited 1 branch of the dungeon, and saw 2 of its levels.

You collected 23 gold pieces.

Inventory:

Armour
 a - a +0 robe (worn)
Scrolls
 d - a scroll of teleportation {unknown}
 f - a scroll of remove curse {unknown}
Potions
 c - 2 potions of flight {unknown}
 e - a potion of curing {unknown}
Comestibles
 b - a ration


   Skills:
 - Level 1.5 Dodging
 - Level 1.5 Stealth
 - Level 2.6 Spellcasting
 + Level 2.1 Conjurations
 - Level 2.4 Fire Magic


You had 5 spell levels left.
You knew the following spells:

 Your Spells              Type           Power        Failure   Level  Hunger
a - Flame Tongue          Conj/Fire      #....        9%          1    N/A

Your spell library contained the following spells:

 Spells                   Type           Power        Failure   Level  Hunger
 Fireball                 Conj/Fire      #.........   94%         5    N/A
 Conjure Flame            Conj/Fire      #.......     26%         3    N/A
 Throw Flame              Conj/Fire      #.....       13%         2    N/A
 Sticky Flame             Conj/Fire      #.......     65%         4    N/A
 Inner Flame              Hex/Fire       #.......     38%         3    N/A

Dungeon Overview and Level Annotations

Branches:
Dungeon (2/15)

Altars:


Innate Abilities, Weirdness & Mutations

You do not eat or drink.
Your flesh is vulnerable to fire.
You are immune to poison.
Your flesh is cold resistant. (rC+)
You are immune to negative energy. (rN+++)
You are immune to unholy pain and torment.
You can survive without breathing.


Message History

The frilled lizard moves out of view.
The frilled lizard hisses angrily.
Casting: Flame Tongue (safe; 9% risk of failure)
Confirm with . or Enter, or press ? or * to list all spells.
Aiming: Flame Tongue (safe; 9% risk of failure)
Press: ? - help, Shift-Dir - straight line, f/p - jackal
Aim: a jackal (moderately wounded)
The flame tongue misses the jackal.
The flame tongue hits the rat.
You kill the rat!
The jackal misses you. The jackal barely misses you.
The frilled lizard bites you.
* * * LOW HITPOINT WARNING * * *
You closely miss the jackal.
The jackal is moderately wounded.
The jackal bites you.
* * * LOW HITPOINT WARNING * * *
A hobgoblin comes into view. It is wielding a club.
The frilled lizard unfolds its giant frill.
The frilled lizard barely misses you. The jackal bites you.
You die...

.g... .... #......#..
.... #......S.. #..
#......... #..
.#......... #.#
........... #l#
....#...... #@#
........... #h#
........... #.#
####.....>. #K#
#........ #.#
##..###.. #####†######
##...#.. #..........#
###....
#..........##########.
#.............†......†


You could see a jackal, a hobgoblin (wandering), a kobold and a frilled lizard.

Vanquished Creatures
  An adder (D:1)
  An ooze (D:1)
  A giant cockroach (D:1)
  A hobgoblin (D:1)
  A rat (D:1)
5 creatures vanquished.

Notes
Turn   | Place    | Note
-------+----------+-------------------------------------------
     0 | D:1      | inc the Mummy Fire Elementalist began the quest for the Orb.
     0 | D:1      | Reached XP level 1. HP: 13/13 MP: 4/4
    59 | D:1      | Reached skill level 1 in Conjurations
   234 | D:1      | Reached XP level 2. HP: 4/19 MP: 1/5
   251 | D:1      | Slain by a jackal

Vault maps used:
D:1:      grunt_arrival_crossed_arrows
D:2:      overflow_temple_1_default, fountainhead,
          nicolae_dithmenos_shadow_blocks

Skill      XL: |  1 |
---------------+----+-----
Conjurations   | 2 |  2.1
Dodging        | |  1.5
Stealth        | |  1.5
Spellcasting   | |  2.6
Fire Magic     | |  2.4

Action                   || total
-------------------------++-------
Melee: Unarmed           ||     3
 Cast: Flame Tongue      ||    15
Armor: Robe              ||     8
Dodge: Dodged            ||    30

Table legend:
 A = Spawn XP
 B = Non-spawn XP
 C = Spawn XP percentage of total XP
 D = Spawn monster count
 E = Non-spawn monster count
 F = Spawn count percentage of total count
 G = Total turns spent on level
                    A         B        C        D         E        F      G
               +---------+---------+-------+---------+---------+-------+---------
         Total |       0 |      25 |   0.0 |       0 |       5 |   0.0 |   251
               +---------+---------+-------+---------+---------+-------+---------
           D:1 |       0 |      25 |   0.0 |       0 |       5 |   0.0 |   219
               +---------+---------+-------+---------+---------+-------+---------
